 Dungeon Crawl Stone Soup version 0.31.0-32-g396128a36d (webtiles) character file.

Game seed: 14130934371559520227

6399 TheSeeker391 the Cleaver (level 10, -6/88 HPs)
             Began as a Hill Orc Fighter on Mar 18, 2024.
             Was a High Priest of Okawaru.
             Mangled by a two-headed ogre
             ... wielding a +0 giant club
              (16 damage)
             ... on level 8 of the Dungeon.
             The game lasted 00:23:49 (8337 turns).

TheSeeker391 the Cleaver (Hill Orc Fighter)         Turns: 8337, Time: 00:23:49

Health: -6/88      AC: 16    Str: 24    XL:     10   Next: 98%
Magic:  15/15      EV:  8    Int:  8    God:    Okawaru [*****.]
Gold:   537        SH:  7    Dex: 16    Spells: 13/14 levels left

rFire   . . .        a - +1 war axe (vamp)
rCold   . . .        c - +1 buckler
rNeg    . . .        n - +0 plate armour
rPois   .            B - +0 helmet
rElec   .            (no cloak)
rCorr   .            (no gloves)
SInv    .            s - +0 pair of boots
Will    .....        t - amulet of the acrobat Stlth
                     (no ring)
HPRegen 0.34/turn    l - +6 ring of dexterity
MPRegen 0.14/turn

%: acrobat
@: no status effects
A: no striking features
a: Renounce Religion, Heroism, Finesse, Duel


You were on level 8 of the Dungeon.
You worshipped Okawaru.
Okawaru was extremely pleased with you.
You visited 2 branches of the dungeon, and saw 9 of its levels.
You also visited: Sewer and Bailey.

You collected 673 gold pieces.
You spent 136 gold pieces at shops.

Inventory:

Hand Weapons
 a - a +1 vampiric war axe (weapon)
 e - a +0 war axe
 m - a +2 hand axe of flaming
Armour
 b - a +0 scale mail
 c - a +1 buckler (worn)
 n - a +0 plate armour (worn)
 q - a +0 chain mail
 s - a +0 pair of boots (worn)
 B - a +0 helmet (worn)
Jewellery
 d - a ring of ice
 l - a +6 ring of dexterity (right hand)
 t - an amulet of the acrobat (around neck)
Wands
 r - a wand of light (2)
 u - a wand of paralysis (8)
 D - a wand of iceblast (8)
 F - a wand of polymorph (17)
Scrolls
 f - 4 scrolls of silence
 g - 6 scrolls of teleportation
 k - a scroll of vulnerability
 v - a scroll of blinking
 w - 2 scrolls of noise
 x - a scroll of fog
 y - a scroll of poison
 G - a scroll of identify
 H - a scroll of immolation
Potions
 h - a potion of brilliance
 i - 5 potions of magic
 j - 2 potions of cancellation
 o - 5 potions of haste
 p - 2 potions of lignification
 z - a potion of invisibility
 A - a potion of heal wounds
 C - a potion of attraction
 E - a potion of ambrosia
 I - a potion of mutation {unknown}


   Skills:
 + Level 7.8 Fighting
 + Level 12.3 Axes
 + Level 7.4 Armour
 + Level 2.4 Dodging
 + Level 0.6 Stealth
 + Level 6.3 Shields
 * Level 2.7 Spellcasting
 * Level 3.4 Earth Magic
 * Level 7.2 Invocations
 + Level 3.0 Evocations


You had 13 spell levels left.
You knew the following spells:

 Your Spells              Type           Power      Damage    Failure   Level
a - Sandblast             Erth           12%        2d6       78%         1

Your spell library contained the following spells:

 Spells                   Type           Power      Damage    Failure   Level
 Passwall                 Erth           6%         N/A       98%         3
 Kiss of Death            Conj/Necr      4%         2d5       99%         1
 Jinxbite                 Hex            2%         N/A       100%        2
 Sublimation of Blood     Necr           1%         N/A       100%        2
 Confusing Touch          Hex            1%         N/A       100%        3
 Sigil of Binding         Hex            1%         N/A       100%        3
 Stone Arrow              Conj/Erth      6%         3d7       100%        3
 Brom's Barrelling Bould  Conj/Erth      3%         2d3       100%        4
 Dimensional Bullseye     Hex/Tloc       0%         N/A       100%        4
 Dispel Undead            Necr           1%         3d6       100%        4
 Yara's Violent Unravell  Hex/Alch       0%         3d3       100%        5
 Enfeeble                 Hex            0%         N/A       100%        7
 Call Imp                 Summ           Unusable   N/A       N/A         2
 Call Canine Familiar     Summ           Unusable   N/A       N/A         3
 Summon Hydra             Summ           Unusable   N/A       N/A         7

Dungeon Overview and Level Annotations

Branches:
Dungeon (8/15)             Temple (1/1) D:4            Lair (0/5) D:8
  Sewer (visited)          Bailey (visited)

Altars:
Ashenzari
Cheibriados
Dithmenos
Fedhas
Gozag
Hepliaklqana
Kikubaaqudgha
Makhleb
Nemelex Xobeh
Okawaru
Qazlal
Sif Muna
Trog
Uskayaw
Vehumet
Wu Jian
Xom
Yredelemnul
Zin
The Shining One

Shops:
D:2 (   D:6 =?[[

Annotations:
D:8 2 transporters


Message History

The two-headed ogre is lightly wounded.
You hear a shout! x2
A kobold comes into view. It is wielding a +0 dagger.
You block the two-headed ogre's attack. The two-headed ogre misses you.
You hit the two-headed ogre but do no damage.
The two-headed ogre is lightly wounded.
You hit the two-headed ogre but do no damage.
The two-headed ogre is lightly wounded.
The two-headed ogre hits you with a +0 giant club!
The two-headed ogre hits you but does no damage.
You slash the two-headed ogre!
You feel better.
The two-headed ogre is moderately wounded.
You hit the two-headed ogre but do no damage.
The two-headed ogre is moderately wounded.
The two-headed ogre hits you with a +0 giant club!!
You block the two-headed ogre's attack.
You hit the two-headed ogre.
You feel better.
The two-headed ogre is moderately wounded.
A kobold brigand comes into view.
It is wielding a +0 short sword and quivering curare-tipped darts.
The two-headed ogre hits you with a +0 giant club!
The two-headed ogre hits you but does no damage.
You are too injured to fight recklessly!
You are too injured to fight recklessly!
You completely miss the two-headed ogre.
The two-headed ogre is moderately wounded.
A kobold comes into view. It is wielding a +0 dagger.
You slash the two-headed ogre!
You feel better.
The two-headed ogre is moderately wounded.
The two-headed ogre hits you with a +0 giant club!
The two-headed ogre hits you with a +0 giant club!!
* * * LOW HITPOINT WARNING * * *
You barely miss the two-headed ogre.
The two-headed ogre is moderately wounded.
A kobold comes into view. It is wielding a +1 whip of venom.
You barely miss the two-headed ogre.
The two-headed ogre is moderately wounded.
The two-headed ogre hits you with a +0 giant club.
* * * LOW HITPOINT WARNING * * *
The two-headed ogre hits you with a +0 giant club!
You die...

...#8.8#.....>.#
......##...©...#
#..##.##.##....#
..... #########
#..##....##....# ...>
.........
...#...........# ...#
######....
...#...........# ...#
##...##..##
...########....# ...#
......)..##
#####....##....##...#
......))..#
...##.....#.........#
..........#
....'.....#.....@...#
..........#
...##....##....##OK.+
......#..##
.<.##....###+### ..##
.##...####
...##.....# ..# #...
....#.....# ... ....
....'.....# ...K
....#..<.## ..##.
...#......# ### K.
####......#


You could see a two-headed ogre and 3 kobolds.

Vanquished Creatures
  2 vault guards (Bailey)
  Pikel (D:8)
  An ugly thing (D:8)
  Prince Ribbit (Bailey)
  Sigmund (D:5)
  A wraith (D:7)
  6 humans (Bailey)
  2 water moccasins
  2 sky beasts (D:7)
  A black bear (D:5)
  An ogre (D:5)
  3 orc warriors
  A phantom (D:7)
  A kobold brigand (Sewer)
  11 bullfrogs
  A gnoll sergeant (D:8)
  3 scorpions
  4 wights (D:8)
  6 hounds
  A jelly (D:5)
  2 orc priests (D:7)
  2 sleepcaps
  3 iguanas (D:4)
  5 orc wizards
  7 adders
  5 gnolls
  A shadow imp (D:6)
  6 ufetubi
  2 dart slugs
  4 ribbon worms
  31 orcs
  12 bats
  5 endoplasms
  8 giant cockroaches
  8 goblins
  6 hobgoblins
  4 jackals (D:4)
  5 quokkas
  9 ball pythons
  5 frilled lizards
  18 kobolds
  12 rats
210 creatures vanquished.

Notes
Turn   | Place    | Note
-------+----------+-------------------------------------------
     0 | D:1      | TheSeeker391 the Hill Orc Fighter began the quest for the
                  | Orb.
     0 | D:1      | Reached XP level 1. HP: 19/19 MP: 1/1
   317 | D:1      | Reached XP level 2. HP: 23/27 MP: 2/2
   628 | D:1      | Reached XP level 3. HP: 17/33 MP: 3/3
  1186 | D:2      | Reached skill level 3 in Axes
  1262 | D:2      | Found Tyluze's Antique Weapon Emporium.
  1429 | D:2      | Reached XP level 4. HP: 31/40 MP: 4/4
  1866 | D:3      | Found a broken altar of Ashenzari.
  2179 | D:3      | Reached skill level 4 in Axes
  2296 | D:3      | Found a glowing drain.
  2304 | Sewer    | Entered a sewer
  2401 | Sewer    | Noticed a kobold brigand
  2404 | Sewer    | Reached XP level 5. HP: 40/46 MP: 5/5
  2406 | Sewer    | Reached skill level 1 in Dodging
  2412 | Sewer    | Killed a kobold brigand
  2885 | D:4      | Reached skill level 5 in Axes
  2913 | D:4      | Reached XP level 6. HP: 53/53 MP: 6/6
  2997 | D:4      | Found an opulent altar of Gozag.
  3289 | D:4      | Reached skill level 6 in Axes
  3572 | D:4      | Found a staircase to the Ecumenical Temple.
  3597 | Temple   | Entered the Ecumenical Temple
  3603 | Temple   | Became a worshipper of Warmaster Okawaru
  3925 | D:5      | Entered Level 5 of the Dungeon
  3945 | D:5      | Reached XP level 7. HP: 56/60 MP: 7/7
  3998 | D:5      | Reached skill level 1 in Invocations
  4041 | D:5      | Reached skill level 5 in Fighting
  4161 | D:5      | Reached skill level 7 in Axes
  4467 | D:5      | Noticed Sigmund
  4488 | D:5      | Killed Sigmund
  4488 | D:5      | Reached * piety under Okawaru
  4489 | D:5      | Reached skill level 5 in Armour
  4509 | D:5      | Reached XP level 8. HP: 69/69 MP: 10/10
  4547 | D:5      | Reached skill level 8 in Axes
  5034 | D:6      | Found Lahur's Jewellery Shop.
  5053 | D:6      | Found a hazy altar of Hepliaklqana.
  5136 | D:6      | Found Xissis's Antique Armour Shoppe.
  5245 | D:6      | Found Ocvanaij's Antique Armour Emporium.
  5475 | D:6      | Found Ohiankizi's Magic Scroll Boutique.
  5525 | D:6      | Bought a scroll of teleportation for 39 gold pieces
  5525 | D:6      | Bought a scroll of blinking for 97 gold pieces
  5905 | D:7      | Noticed a wraith
  5906 | D:7      | Found a flagged portal.
  5919 | D:7      | Killed a wraith
  5920 | D:7      | Reached skill level 5 in Shields
  5920 | D:7      | Reached skill level 1 in Evocations
  5943 | Bailey   | Entered a bailey
  5971 | Bailey   | Reached skill level 9 in Axes
  5975 | Bailey   | Reached ** piety under Okawaru
  5976 | Bailey   | Reached XP level 9. HP: 68/75 MP: 10/12
  5995 | Bailey   | Reached skill level 5 in Invocations
  6028 | Bailey   | Reached skill level 10 in Axes
  6028 | Bailey   | HP: 3/77 [bullfrog (5)]
  6365 | Bailey   | Noticed Prince Ribbit
  6365 | Bailey   | Noticed a vault guard
  6376 | Bailey   | Killed Prince Ribbit
  6376 | Bailey   | Reached *** piety under Okawaru
  6390 | Bailey   | Killed a vault guard
  6390 | Bailey   | Reached **** piety under Okawaru
  6391 | Bailey   | Reached skill level 11 in Axes
  6391 | Bailey   | Reached skill level 1 in Spellcasting
  6391 | Bailey   | Reached XP level 10. HP: 36/84 MP: 12/14
  6568 | Bailey   | Noticed a vault guard
  6597 | Bailey   | Killed a vault guard
  6608 | Bailey   | Learned a level 1 spell: Sandblast
  6704 | Bailey   | Reached skill level 1 in Earth Magic
  7581 | D:7      | Found a shadowy altar of Dithmenos.
  7583 | D:7      | Found a hide-covered altar of Uskayaw.
  7723 | D:8      | Noticed a cyan ugly thing
  7731 | D:8      | Killed a cyan ugly thing
  7731 | D:8      | Reached ***** piety under Okawaru
  7732 | D:8      | Reached skill level 12 in Axes
  7761 | D:8      | Found a transporter.
  7761 | D:8      | Found a transporter.
  7761 | D:8      | Noticed a cyclops
  7767 | D:8      | Found a snail-covered altar of Cheibriados.
  8126 | D:8      | Noticed Pikel
  8141 | D:8      | Killed Pikel
  8317 | D:8      | Found a staircase to the Lair.
  8326 | D:8      | Noticed a two-headed ogre
  8337 | D:8      | Mangled by a two-headed ogre

Illustrated notes

Levels and vault maps discovered:
D:1:      ncdulo_smallfort, layout_basic
D:2:      layout_loops_cross, serial_shops,
          nicolae_shop_temple_entry_statues_fountains
D:3:      minmay_evil_eye, layout_rooms, mainiacjoe_overflow_tiny_flanked,
          gup_sewer_entry_spiral
D:4:      layout_rooms, mainiacjoe_overflow_six_doors_small,
          minmay_temple_entry_glassed_door, supply_closet_lemuel,
          minmay_fountain_box, nicolae_the_louvre
D:5:      layout_gridville, hangedman_decor_diamond_cutter, uniq_sigmund
D:6:      layout_cave_pods, nzn_hepliaklqana_mist_gate, serial_shops,
          shop_scrolls, nicolae_shop_temple_entry_statues_fountains,
          nicolae_shop_advertising_works [nicolae_subvault_shop_adworks], shop,
          hangedman_decor_peaks_small
D:7:      layout_loops_ring, nicolae_overflow_hidden_temple, enter_bailey_2,
          nicolae_elevator_lobby_plus
D:8:      layout_gridville, gammafunk_temple_overflow_arena,
          columned_hall_lemuel, amcnicky_mini_corridor_feature,
          minmay_misc_feat_iff, serial_library_hellmonk_u_bend, uniq_pikel
Temple:   eino_narrow_crystal_temple

Skill      XL: |  1  2  3  4  5  6  7  8  9 10 |
---------------+-------------------------------+-----
Axes           | 3 4 5 6 7 9 11 12 | 12.3
Fighting       | 4 5 6 7 |  7.8
Armour         | 4 5 6 7 |  7.4
Shields        | 4 5 6 |  6.3
Dodging        | 1 2 |  2.4
Invocations    | 2 4 6 7 |  7.2
Evocations     | 1 2 3 |  3.0
Spellcasting   | 1 2 |  2.7
Earth Magic    | 3 |  3.4
Stealth        | |  0.6

Action                     |  1- 3 |  4- 6 |  7- 9 | 10-12 || total
---------------------------+-------+-------+-------+-------++-------
  Melee: War axe           |   124 |   168 |   218 |   196 ||   706
 Invoke: Heroism           |       |       |     3 |     2 ||     5
  Evoke: Wand              |       |       |     5 |     2 ||     7
    Use: Scroll            |     5 |     6 |     9 |     2 ||    22
         Potion            |       |     5 |     2 |     2 ||     9
   Stab: Invisible         |       |       |       |     1 ||     1
 Armour: Scale mail        |    86 |    85 |       |       ||   171
         Chain mail        |       |     8 |   155 |       ||   163
         Plate armour      |       |       |       |   117 ||   117
  Dodge: Dodged            |    66 |    67 |   129 |    59 ||   321
  Block: Buckler           |    37 |    61 |    68 |    52 ||   218
